 Dungeon Crawl Stone Soup version 0.27-a0-972-gd1521fd518 (webtiles) character file.

Game seed: 17291811114111628217

888 robertstho the Sneak (level 8, -14/84 HPs)
             Began as an Octopode Berserker on Apr 12, 2021.
             Was a Believer of Trog.
             Demolished by an orc warrior
             ... wielding a +0 short sword
              (15 damage)
             ... on level 6 of the Dungeon on Apr 13, 2021.
             The game lasted 00:04:14 (3842 turns).

robertstho the Sneak (Octopode Berserker)           Turns: 3842, Time: 00:04:16

Health: -14/84     AC:  1    Str: 17    XL:     8   Next: 6%
Magic:  8/8        EV: 13    Int:  9    God:    Trog [**....]
Gold:   345        SH:  0    Dex: 13    Spells: 7/7 levels left

rFire    . . .     SeeInvis .   h - +1 flail (venom)
rCold    . . .     Faith    .   b - +1 buckler
rNeg     . . .     Spirit   .   (helmet restricted)
rPois    .         Reflect  .   (no amulet)
rElec    .         Harm     .   g - ring of flight
rCorr    .         Rampage  .   (no ring)
Will     .....                  (no ring)
Stlth    ..........             (no ring)
HPRegen  0.24/turn              (no ring)
MPRegen  0.11/turn              (no ring)
                                (no ring)
                                (no ring)

@: confused, berserking, lethally poisoned (-14 -> -18), flying, very quick
A: almost no armour, amphibious, 8 rings, camouflage 1, gelatinous body 1,
(nimble swimmer 1), tentacles
a: Renounce Religion, Berserk, Trog's Hand


You were on level 6 of the Dungeon.
You worshipped Trog.
Trog was pleased with you.
You visited 1 branch of the dungeon, and saw 5 of its levels.

You collected 345 gold pieces.

Inventory:

Hand Weapons
 a - a +0 falchion
 h - a +1 flail of venom (weapon)
Armour
 b - a +1 buckler (worn)
Jewellery
 g - a ring of flight (left tentacle)
Scrolls
 d - 3 scrolls of identify {unknown}
 e - 2 scrolls of enchant weapon
 k - a scroll of torment {unknown}
Potions
 c - a potion of mutation {unknown}
 f - a potion of brilliance {unknown}
 i - a potion of curing {unknown}
 j - a potion of might {unknown}


   Skills:
 * Level 5.5 Fighting
 + Level 5.3 Long Blades
 + Level 2.8 Maces & Flails
 + Level 3.5 Dodging
 * Level 6.3 Stealth
 + Level 1.2 Shields


You had 7 spell levels left.
You didn't know any spells.
Your spell library was empty.

Dungeon Overview and Level Annotations

Branches:
Dungeon (6/15)
 Temple: D:4-7

Altars:
Fedhas
Hepliaklqana
Ru
Xom
Zin


Innate Abilities, Weirdness & Mutations

You cannot wear most types of armour.
You are amphibious.
You can wear up to eight rings at the same time.
Your skin changes colour to match your surroundings (Stealth+).
Your rubbery body absorbs attacks. (AC +1, EV +1)
((You are camouflaged near water. (Stealth+)))
You have tentacles for arms and can constrict up to eight enemies at once.


Message History

The orc warrior is moderately wounded.
You constrict the orc warrior.
The orc warrior hits you with a +0 short sword!
The orc wizard hits you with a +0 dagger.
The orc hits you with a +2 whip of venom!
You are poisoned.
The orc warrior hits you with a +0 short sword!
A red film seems to cover your vision as you go berserk!
You feel yourself moving faster!
You feel mighty!
You constrict the orc warrior.
You feel very sick.
The orc wizard hits you with a +0 dagger.
The orc closely misses you. You block the orc warrior's attack.
You closely miss the orc. Your grab misses the orc.
You constrict the orc warrior.
You feel sick.
The orc wizard hits you with a +0 dagger.
* * * LOW HITPOINT WARNING * * *
You block the orc's attack.
You sock the orc!
You feel the power of Trog in you as your rage grows.
You kill the orc!
Trog accepts your kill.
You constrict the orc warrior, but do no damage.
You feel sick.
The orc warrior hits you with a +0 short sword!
* * * LOW HITPOINT WARNING * * *
The orc wizard casts a spell at you.
You are confused.
The hound bites you.
* * * LOW HITPOINT WARNING * * *
You bump into the rock wall.
You constrict the orc warrior.
You feel sick. The orc warrior misses you.
You barely miss the orc warrior.
The orc warrior is almost dead.
You constrict the orc warrior.
You feel sick. The hound misses you.
The orc wizard points at you and mumbles some strange words.
The magic dart hits you!
* * * LOW HITPOINT WARNING * * *
The orc warrior hits you with a +0 short sword!
You die...

### ### ##.##
#.# ####
#.#.###.# ##...
##.##.##.###.###
##.####.......#
####.###..#
#.#####.###
.......@.## #.#
#...| ......hoo#
.## .....
##........# ..
.....
..............
......
#.............
......
#..............
#......
...............
.....
...............
..... .....


You could see an orc warrior (very poisoned), a hound and an orc wizard.

Vanquished Creatures
  Edmund (D:4)
  A water moccasin (D:6)
  An ice beast (D:6)
  An ogre (D:4)
  A necrophage (D:4)
  A phantom (D:5)
  A scorpion (D:6)
  A howler monkey (D:6)
  2 jellies
  3 iguanas
  An orc wizard (D:5)
  An adder (D:4)
  An adder skeleton (D:4)
  6 orcs
  2 endoplasms
  5 giant cockroaches
  9 goblins
  4 hobgoblins
  3 jackals (D:1)
  A quokka (D:1)
  3 ball pythons
  3 bats
  A frilled lizard (D:1)
  2 kobolds (D:1)
  A rat (D:1)
56 creatures vanquished.

Vanquished Creatures (others)
  5 dream sheep (D:4)
  A hound skeleton (D:4)
6 creatures vanquished.

Grand Total: 62 creatures vanquished

Notes
Turn   | Place    | Note
-------+----------+-------------------------------------------
     0 | D:1      | robertstho the Octopode Berserker began the quest for the
                  | Orb.
     0 | D:1      | Reached XP level 1. HP: 16/16 MP: 1/1
   169 | D:1      | Reached XP level 2. HP: 21/21 MP: 2/2
   318 | D:1      | Found a faded altar of an unknown god.
   516 | D:1      | Reached skill level 1 in Stealth
  1120 | D:2      | Reached XP level 3. HP: 26/26 MP: 3/3
  1173 | D:2      | You fall into a shaft and drop 2 floors!
  1267 | D:4      | Noticed a necrophage
  1270 | D:4      | Reached XP level 4. HP: 33/33 MP: 4/4
  1276 | D:4      | Killed a necrophage
  1277 | D:4      | Reached skill level 2 in Stealth
  1277 | D:4      | Reached XP level 5. HP: 37/37 MP: 5/5
  1372 | D:4      | Noticed a dream sheep
  1372 | D:4      | Noticed a dream sheep
  1372 | D:4      | Noticed a dream sheep
  1372 | D:4      | Noticed a dream sheep
  1372 | D:4      | Noticed a dream sheep
  1372 | D:4      | Found a shimmering altar of Xom.
  1376 | D:4      | Killed a dream sheep
  1376 | D:4      | Killed a dream sheep
  1376 | D:4      | Killed a dream sheep
  1376 | D:4      | Killed a dream sheep
  1376 | D:4      | Killed a dream sheep
  1381 | D:4      | Upgraded the game from 0.27-a0-965-gbf8bb431c4 to
                  | 0.27-a0-972-gd1521fd518
  1388 | D:4      | Reached ** piety under Trog
  1397 | D:4      | Noticed Edmund
  1406 | D:4      | Killed Edmund
  1407 | D:4      | Reached skill level 3 in Stealth
  1407 | D:4      | Reached XP level 6. HP: 37/44 MP: 6/6
  1720 | D:4      | Reached skill level 1 in Shields
  1781 | D:4      | Reached skill level 4 in Stealth
  2134 | D:4      | Found a hazy altar of Hepliaklqana.
  2134 | D:4      | Found a sacrificial altar of Ru.
  2159 | D:5      | Entered Level 5 of the Dungeon
  2162 | D:5      | Reached skill level 5 in Long Blades
  2162 | D:5      | Reached XP level 7. HP: 49/49 MP: 7/7
  2337 | D:5      | Reached skill level 1 in Maces & Flails
  2463 | D:5      | Found a blossoming altar of Fedhas.
  2480 | D:5      | Found a glowing silver altar of Zin.
  3049 | D:6      | Reached skill level 5 in Fighting
  3049 | D:6      | Reached skill level 5 in Stealth
  3273 | D:6      | Reached skill level 6 in Stealth
  3749 | D:6      | Reached XP level 8. HP: 52/55 MP: 8/8
  3842 | D:6      | HP: 1/84 [orc wizard/magic dart (8)]
  3842 | D:6      | Demolished by an orc warrior

Illustrated notes

Levels and vault maps discovered:
D:1:      heliophobic_arrival_henge, layout_basic,
          chequers_ecumenical_altar_simple, minmay_pentomino_s4
D:2:      layout_basic, hangedman_decor_points
D:4:      layout_basic, kb_xom_exploding_sheep, gammafunk_temple_overflow_pools,
          chequers_serial_rivers_marsh, uniq_edmund
D:5:      layout_basic, zin_academy, amcnicky_altar_gilded, sigmund_army
D:6:      layout_layer_cave, minmay_temple_entry_antechambers

Skill      XL: |  1  2  3  4  5  6  7 |
---------------+----------------------+-----
Stealth        | 1 2 3 4 6 |  6.3
Fighting       | 4 5 |  5.5
Long Blades    | 4 5 |  5.3
Shields        | 1 |  1.2
Maces & Flails | 2 |  2.8
Dodging        | |  3.5

Action                   |  1- 3 |  4- 6 |  7- 9 || total
-------------------------+-------+-------+-------++-------
Melee: Falchion          |    41 |    14 |       ||    55
       Constrict         |    10 |     6 |     7 ||    23
       Tentacles         |     5 |     9 |    11 ||    25
       Flail             |       |    15 |    38 ||    53
Invok: Berserk           |     1 |     2 |     4 ||     7
  Use: Scroll            |       |     2 |     2 ||     4
 Stab: Sleeping          |     5 |     2 |     7 ||    14
Armor: Skin              |     8 |     2 |     2 ||    12
Dodge: Dodged            |    24 |     8 |    17 ||    49
Block: Buckler           |     3 |     3 |     7 ||    13
       Rpst.: Falchion   |     9 |     3 |       ||    12

Table legend: (Time is in decaauts)
 A = Elapsed time spent in this place.
 B = Non-inter-level travel time spent in this place.
 C = Inter-level travel time spent in this place.
 D = Time resting spent in this place.
 E = Time spent auto-exploring this place.
 F = Levels seen in this place.
 G = Mean time per level.
                   A        B        C        D        E       F      G
               +--------+--------+--------+--------+--------+-----+--------+
         Total |   3933 |   3862 |     71 |    915 |   2501 |   5 |  786.6 |
       Dungeon |   3933 |   3862 |     71 |    915 |   2501 |   5 |  786.6 |
               +--------+--------+--------+--------+--------+-----+--------+

Top non-repeatable levels by time:
     D:1: 1112 daAuts
     D:5: 1061 daAuts
     D:4: 1022 daAuts
     D:6: 670 daAuts
     D:2: 66 daAuts
